 Dungeon Crawl Stone Soup version 0.31-a0-187-gba352fbbf7 (webtiles) character file.

Game seed: 9583411329384770794

501 qw the Skirmisher (level 6, -13/35 HPs)
             Began as a Deep Elf Hunter on June 22, 2023.
             Killed from afar by Dowan (18 damage)
             ... with a shard of ice
             ... on level 4 of the Dungeon.
             The game lasted 00:01:27 (2927 turns).

qw the Skirmisher (Deep Elf Hunter)                 Turns: 2927, Time: 00:01:28

Health: -13/35     AC: 10    Str: 10    XL:     6   Next: 95%
Magic:  8/8        EV: 11    Int: 17    God:
Gold:   187        SH:  0    Dex: 21    Spells: 5/5 levels left

rFire   + . .        Y - +0 shortbow
rCold   . . .        (shield currently unavailable)
rNeg    . . .        l - +0 ring mail
rPois   .            (no helmet)
rElec   +            (no cloak)
rCorr   .            c - +1 Delatra's gloves {ID++}
SInv    .            a - +2 pair of boots "Gotzu" {rElec rF+ Int+3 Dex+3}
Will    .....        (no amulet)
Stlth   +            (no ring)
HPRegen 0.25/turn    (no ring)
MPRegen 0.11/turn

%: no passive effects
@: no status effects
A: no striking features
a: no special abilities


You were on level 4 of the Dungeon.
You visited 1 branch of the dungeon, and saw 4 of its levels.

You collected 253 gold pieces.
You spent 66 gold pieces at shops.


   Skills:
 - Level 2.0 Fighting
 + Level 9.6 Ranged Weapons
 - Level 2.5 Armour
 - Level 3.0 Dodging
 - Level 1.2 Stealth


You had 5 spell levels left.
You didn't know any spells.
Your spell library was empty.

Inventory:

Hand Weapons
 Y - a +0 shortbow (weapon)
Armour
 a - the +2 pair of boots "Gotzu" (worn) {rElec rF+ Int+3 Dex+3}
   (You acquired it on level 1 of the Dungeon)

   Int:       It affects your intelligence (+3).
   Dex:       It affects your dexterity (+3).
   rF:        It protects you from fire.
   rElec:     It insulates you from electricity.
 c - the +1 Delatra's gloves (worn) {ID++}
   (You found it on level 3 of the Dungeon)

   ID++:      It heals its wearer when they drink unknown potions, and restores
   their MP when they read unknown scrolls.
 l - a +0 ring mail (worn)
Scrolls
 g - a scroll of identify
 j - 2 scrolls of teleportation
Potions
 b - a potion of might
 d - a potion of mutation
 f - a potion of resistance
 k - 2 potions of haste

Dungeon Overview and Level Annotations

Branches:
Dungeon (4/15)
 Temple: D:4-7

Altars:
Dithmenos
Qazlal

Shops:
D:1 !

Annotations:
D:1 2 runed translucent doors
D:4 Dowan


Message History

Dowan is lightly wounded.
Dowan gestures at you while chanting. The stone arrow hits you!
You shoot an arrow. The arrow hits Dowan.
Dowan is moderately wounded.
Dowan barely misses you. Dowan hits you with a +0 dagger.
You shoot an arrow.
The arrow hits Dowan but does no damage.
Dowan is moderately wounded.
Dowan closely misses you.
You shoot an arrow. The arrow closely misses Dowan.
Dowan hits you but does no damage. Dowan misses you.
You shoot an arrow.
The arrow hits Dowan but does no damage.
Dowan is moderately wounded.
Dowan hits you but does no damage.
You shoot an arrow. The arrow hits Dowan!
Dowan is heavily wounded.
Dowan closely misses you. Dowan hits you but does no damage.
You shoot an arrow. The arrow hits Dowan.
Dowan is severely wounded.
Dowan hits you but does no damage.
You shoot an arrow. The arrow barely misses Dowan.
Dowan hits you but does no damage. Dowan closely misses you.
You shoot an arrow. The arrow hits Dowan.
Dowan is almost dead.
Dowan breathes, "And she was my only..."
Dowan hits you with a +0 dagger.
Dowan gestures wildly while chanting.
Dowan blinks!
You shoot an arrow.
The arrow hits Dowan but does no damage.
Dowan is almost dead.
You shoot an arrow. The arrow barely misses Dowan.
Dowan points at you and mumbles some strange words.
The shard of ice hits you! Dowan gestures at you while chanting.
The shard of ice hits you!!
Ouch! That really hurt!
You die...

### #.. #.# #.#
#.# #e# #@#
#)......_
#..#.##.. ...# #
...# ...## ....#
..# ##.#... ##.
#..#
.....##..####.####


You could see Dowan (fast).

Vanquished Creatures
  Sigmund (D:4)
  Duvessa (D:4)
  Jessica (D:3)
  An iguana (D:4)
  An orc wizard (D:3)
  2 adders
  6 gnolls
  A worm (D:2)
  6 dart slugs
  2 orcs (D:3)
  12 endoplasms
  8 giant cockroaches
  6 goblins
  3 hobgoblins
  5 jackals
  3 quokkas
  6 ball pythons
  6 bats
  7 frilled lizards
  5 kobolds
  8 rats
91 creatures vanquished.

Notes
Turn   | Place    | Note
-------+----------+-------------------------------------------
     0 | D:1      | qw the Deep Elf Hunter began the quest for the Orb.
     0 | D:1      | Reached XP level 1. HP: 12/12 MP: 3/3
     0 | D:1      | 0 ||| qw: Version: 0.3-a-9-g12657ce
     0 | D:1      | 0 ||| qw: Game counter: 2450
     0 | D:1      | 0 ||| qw: Always use a shield: true
     0 | D:1      | 0 ||| qw: God list: Okawaru
     0 | D:1      | 0 ||| qw: Allow faded altars: false
     0 | D:1      | 0 ||| qw: Do Orc after D:15 true
     0 | D:1      | 0 ||| qw: Do second Lair branch before Depths: true
     0 | D:1      | 0 ||| qw: Lair rune preference: random
     0 | D:1      | 0 ||| qw: Plans: Normal
     0 | D:1      | 0 ||| PLANNING D:1-11
    13 | D:1      | 13 ||| Stepping ~*~*~tactically~*~*~ (outnumbered).
    54 | D:1      | Reached XP level 2. HP: 16/16 MP: 4/4
    67 | D:1      | Reached skill level 6 in Ranged Weapons
    70 | D:1      | Found a large runed translucent door.
    70 | D:1      | Found a large runed translucent door.
   286 | D:1      | Reached XP level 3. HP: 20/20 MP: 5/5
   290 | D:1      | Found a faded altar of an unknown god.
   317 | D:1      | Found Fidom's Distillery.
   322 | D:1      | 322 ||| BUYING potion of curing (33 gold).
   322 | D:1      | Bought a potion of curing for 33 gold pieces
   322 | D:1      | 322 ||| BUYING potion of curing (33 gold).
   322 | D:1      | Bought a potion of curing for 33 gold pieces
   322 | D:1      | 322 ||| SHOPLISTING potion of enlightenment (55 gold, have
                  | 13).
   322 | D:1      | 322 ||| SHOPLISTING potion of heal wounds (55 gold, have
                  | 13).
   322 | D:1      | 322 ||| SHOPLISTING potion of mutation (88 gold, have 13).
   322 | D:1      | 322 ||| SHOPLISTING potion of resistance (110 gold, have
                  | 13).
   864 | D:1      | 864 ||| UPGRADING to +0 ring mail.
   874 | D:1      | 874 ||| DROPPING +0 leather armour.
   875 | D:1      | 875 ||| READING scroll labelled WIULAT COEKAE.
   876 | D:1      | 876 ||| READING 2 scrolls labelled MENUORCH IZIWKA.
   877 | D:1      | 877 ||| READING scroll labelled USCHAW YRUXARCH.
   877 | D:1      | Identified a scroll of acquirement
   877 | D:1      | 877 ||| ACQUIRING +2 pair of boots "Gotzu" {rElec rF+ Int+3
                  | Dex+3}
   877 | D:1      | Acquired the +2 pair of boots "Gotzu" {rElec rF+ Int+3
                  | Dex+3}
   879 | D:1      | 879 ||| UPGRADING to +2 pair of boots "Gotzu" {rElec rF+
                  | Int+3 Dex+3}.
   884 | D:1      | 884 ||| READING 2 scrolls labelled ATEIL QUUGHU.
   972 | D:1      | 972 ||| READING scroll labelled KEIFOUDULI.
   973 | D:1      | 973 ||| DROPPING scroll of butterflies.
  1107 | D:2      | Reached skill level 7 in Ranged Weapons
  1310 | D:2      | Reached XP level 4. HP: 25/25 MP: 6/6
  1344 | D:2      | 1344 ||| DRINKING 2 sedimented dark potions.
  1689 | D:2      | 1689 ||| DROPPING ring of magical power.
  1690 | D:2      | 1690 ||| READING 3 scrolls of identify.
  1690 | D:2      | 1690 ||| IDENTIFYING fizzy coppery potion
  1691 | D:2      | 1691 ||| READING 2 scrolls of identify.
  1691 | D:2      | 1691 ||| IDENTIFYING glowing inky potion
  1758 | D:3      | 1758 ||| FLEEEEING.
  1759 | D:3      | 1759 ||| FLEEEEING.
  1760 | D:3      | 1760 ||| FLEEEEING.
  1761 | D:3      | 1761 ||| FLEEEEING.
  1762 | D:3      | 1762 ||| FLEEEEING.
  1763 | D:3      | 1763 ||| FLEEEEING.
  1764 | D:3      | 1764 ||| FLEEEEING.
  1765 | D:3      | 1765 ||| FLEEEEING.
  1766 | D:3      | 1766 ||| FLEEEEING.
  1767 | D:3      | 1767 ||| STAIRDANCE
  1823 | D:3      | 1823 ||| STAIRDANCE
  1830 | D:2      | Reached skill level 8 in Ranged Weapons
  1846 | D:3      | 1846 ||| STAIRDANCE
  1972 | D:3      | 1972 ||| FLEEEEING.
  1973 | D:3      | 1973 ||| FLEEEEING.
  1974 | D:3      | 1974 ||| FLEEEEING.
  1975 | D:3      | 1975 ||| FLEEEEING.
  1978 | D:3      | 1978 ||| FLEEEEING.
  1982 | D:3      | 1982 ||| FLEEEEING.
  1983 | D:3      | 1983 ||| FLEEEEING.
  1984 | D:3      | 1984 ||| FLEEEEING.
  1985 | D:3      | 1985 ||| FLEEEEING.
  1986 | D:3      | 1986 ||| FLEEEEING.
  1994 | D:3      | 1994 ||| FLEEEEING.
  1995 | D:3      | 1995 ||| DRINKING 2 potions of curing.
  1995 | D:3      | 1995 ||| (to cure confusion)
  2000 | D:3      | Reached XP level 5. HP: 29/29 MP: 7/7
  2095 | D:3      | Noticed Jessica
  2099 | D:3      | Killed Jessica
  2454 | D:3      | Found the +1 Delatra's gloves {ID++}
  2566 | D:3      | 2566 ||| UPGRADING to +1 Delatra's gloves {ID++}.
  2571 | D:3      | 2571 ||| READING 3 scrolls of identify.
  2571 | D:3      | 2571 ||| IDENTIFYING fizzy white potion
  2572 | D:3      | 2572 ||| READING 2 scrolls of identify.
  2572 | D:3      | 2572 ||| IDENTIFYING bubbling white potion
  2601 | D:4      | Reached skill level 9 in Ranged Weapons
  2703 | D:4      | Noticed Sigmund
  2718 | D:4      | 2718 ||| DRINKING potion of curing.
  2718 | D:4      | 2718 ||| (to cure confusion)
  2721 | D:4      | Reached skill level 3 in Dodging
  2723 | D:4      | Killed Sigmund
  2724 | D:4      | Reached XP level 6. HP: 29/35 MP: 8/8
  2805 | D:4      | Found a shadowy altar of Dithmenos.
  2828 | D:4      | Noticed Duvessa
  2828 | D:4      | Noticed Dowan
  2847 | D:4      | HP: 8/35 [Dowan/puff of flame (2)]
  2848 | D:4      | 2848 ||| READING 3 scrolls of teleportation.
  2848 | D:4      | HP: 2/35 [Duvessa/+0 short sword (6)]
  2849 | D:4      | 2849 ||| DRINKING potion of heal wounds.
  2851 | D:4      | Found a stormy altar of Qazlal.
  2916 | D:4      | Killed Duvessa
  2927 | D:4      | HP: 5/35 [Dowan/shard of ice (14)]
  2927 | D:4      | Killed from afar by Dowan

Levels and vault maps discovered:
D:1:      erik_arrival_cave_to_civilisation [erik_arrival_cave_to_temple],
          layout_loops_ring, serial_shops, shop,
          hellmonk_ecumenical_altar_crossroads
D:2:      layout_basic, serial_bayou, serial_bayou_crossing,
          serial_bayou_lake_a, serial_bayou_shore_b, serial_bayou_lagoon_a,
          serial_bayou_pond_d, st_stairs_2
D:3:      layout_basic, mrwooster_statue_mirror, pf_guarded_unrand_delatra,
          uniq_jessica
D:4:      layout_cave_pools, nicolae_overflow_crystal_walls,
          mainiacjoe_overflow_brackets, uniq_sigmund, uniq_duvessa

Skill      XL: |  1  2  3  4  5 |
---------------+----------------+-----
Ranged Weapons | 6 7 8 9 |  9.6
Fighting       | 2 |  2.0
Dodging        | 3 |  3.0
Armour         | 2 |  2.5
Stealth        | |  1.2

Action                     |  1- 3 |  4- 6 || total
---------------------------+-------+-------++-------
   Fire: Shortbow          |   111 |   190 ||   301
    Use: Scroll            |     5 |     5 ||    10
         Potion            |       |     4 ||     4
 Armour: Leather armour    |     3 |       ||     3
         Ring mail         |     1 |    41 ||    42
  Dodge: Dodged            |    10 |    65 ||    75

Table legend:
 A = Non-vault XP
 B = Vault XP
 C = Vault XP percentage of total XP
 D = Non-vault monster count
 E = Vault monster count
 F = Vault count percentage of total count
                 A         B        C        D         E       F
            +---------+---------+-------+---------+---------+-------
      Total |     275 |     441 |  61.6 |      81 |      10 |  11.0
            +---------+---------+-------+---------+---------+-------
        D:1 |      53 |       4 |   7.0 |      32 |       2 |   5.9
        D:2 |      62 |       6 |   8.8 |      23 |       2 |   8.0
        D:3 |      61 |      78 |  56.1 |      17 |       4 |  19.0
        D:4 |      99 |     353 |  78.1 |       9 |       2 |  18.2
            +---------+---------+-------+---------+---------+-------
